Cogmind - Beta 13 @@@ ROGUE MODE // 2024.04.14 @ 21:37:41 Player: m1m1c Result: Destroyed by G-34 Mercenary with Small Laser Performance ------------- Evolutions (1) 500 Regions Visited (3) 600 Robots Destroyed (20) 100 Value Destroyed (463) 463 Prototype IDs (3) 60 Alien Tech Used (0) 0 Bonus (0) 0 TOTAL SCORE: 1723 Bonus ------- None Cogmind --------- Core Integrity 0/400 Matter 8/300 Energy 280/280 System Corruption 0% Temperature Cool (6) Movement Flying (31) Location -9/Storage Parts ------- > --- POWER (1) -------- Cooled Ion Engine > --- PROPULSION (4) --- Improved Flight Unit Improved Flight Unit Improved Flight Unit Improved Flight Unit > --- UTILITY (2) ------ (None) > --- WEAPON (2) ------- (None) > --- INVENTORY (5) ---- Cooled Ion Engine Flight Unit Drone Bay (2/2) Drone Bay (2/2) Grenade Launcher Peak State ------------ > --- POWER ------------ Cooled Ion Engine > --- PROPULSION ------- Improved Flight Unit Improved Flight Unit Improved Flight Unit Improved Flight Unit > --- UTILITY ---------- Small Storage Unit Improved Targeting Computer > --- WEAPON ----------- Light Assault Rifle Grenade Launcher > --- INVENTORY -------- Cooled Ion Engine Hover Unit Flight Unit Improved Flight Unit Signal Interpreter Improved Targeting Computer [Rating: 21] Favorites ----------- Power Ion Engine Engine Ion Engine Power Core Light Nuclear Core Propulsion Flight Unit Leg Aluminum Leg Flight Unit Flight Unit Utility Small Storage Unit Device Improved Heat Sink Storage Small Storage Unit Processor Improved Targeting Computer Weapon Light Assault Rifle Energy Gun EM Pulse Gun Ballistic Gun Light Assault Rifle Launcher Grenade Launcher Build | -11 -10 -9 -9 ------- Run | Yrd Mat Mat Sto Slots Evolved 2 | . . 2 . Power . | . . . . Propulsion 2 | . . 2 . Utility . | . . . . Weapon . | . . . . Parts Attached 39 | 7 8 17 7 Power 7 | 1 1 3 2 Engine 6 | 1 . 3 2 Core 1 | . 1 . . Reactor . | . . . . Propulsion 14 | 2 2 7 3 Treads . | . . . . Leg 6 | 2 . 4 . Wheel . | . . . . Hover . | . . . . Flight 8 | . 2 3 3 Utility 3 | 1 1 1 . Device 1 | . 1 . . Storage 1 | 1 . . . Processor 1 | . . 1 . Hackware . | . . . . Protection . | . . . . Artifact . | . . . . Weapon 15 | 3 4 6 2 Energy Gun 2 | 2 . . . Energy Cannon . | . . . . Ballistic Gun 7 | 1 4 1 1 Ballistic Cannon . | . . . . Launcher 6 | . . 5 1 Special Weapon . | . . . . Impact Weapon . | . . . . Slashing Weapon . | . . . . Piercing Weapon . | . . . . Special Melee Weapon . | . . . . Unidentified Prototypes 3 | . . 1 2 Parts Lost 10 | . 1 6 3 Power 2 | . . 2 . Propulsion 3 | . . 2 1 Utility 1 | . . . 1 Weapon 4 | . 1 2 1 Highest Loss Streak 3 | . 1 3 3 To Critical Strikes . | . . . . Average Slot Usage (%) 77 | . 81 72 76 Engine 5 | . 4 6 10 Core 4 | . 9 . . Leg 12 | . 15 11 . Flight 16 | . 12 15 43 Storage 12 | . 14 11 10 Processor 5 | . . 10 9 Energy Gun 1 | . 3 . . Ballistic Gun 14 | . 20 10 2 Launcher 3 | . . 7 . Naked Turns . | . . . . Heaviest Build 17 | 13 14 14 17 Greatest Support 36 | 20 20 36 20 Greatest Overweight (x) 4 | 1 3 4 . Average Overweight (x) . | . . . . Largest Inventory Capacity 8 | 8 8 8 8 Average Capacity 7 | 7 8 8 7 Most Carried 8 | 2 7 8 8 Average Carried 5 | 1 4 6 6 Final Capacity 8 | 8 8 8 5 Final Carried 8 | 2 7 8 5 Class Distribution -------------------- 61% | Mutant 29% | Scavenger-Mutant 9% | Sprinter Dominant Class ---------------- Mutant | -10/Materials Mutant | -9/Materials Sprinter | -9/Storage Resources | -11 -10 -9 -9 ----------- Run | Yrd Mat Mat Sto Matter Collected 567 | 191 161 153 62 Remotely . | . . . . Salvage Created 572 | . 209 312 51 Parts 45 | . 14 27 4 Haulers Intercepted 5 | . 1 3 1 Recyclers Shooed 1 | . . 1 . Parts Field Recycled . | . . . . Retrieved Matter . | . . . . Parts Self-Destructed . | . . . . Prevented . | . . . . Kills | -11 -10 -9 -9 ------- Run | Yrd Mat Mat Sto Combat Hostiles Destroyed 12 | . 4 8 . Guns 6 | . 4 2 . AOE 6 | . . 6 . Classes Destroyed 6 | . 5 1 . Worker 2 | . 1 1 . Hauler 5 | . 1 3 1 Watcher 1 | . 1 . . Swarmer 2 | . 2 . . Grunt 8 | . 2 6 . Sentry 2 | . . 2 . Best Kill Streak 4 | . 4 4 1 Combat Bots Only 3 | . 2 3 . Max Kills in Single Turn 2 | . 1 2 1 Gunslinging . | . . . . Exploded 2 | . . 2 . Melee . | . . . . Uniques/NPCs Destroyed . | . . . . Combat | -11 -10 -9 -9 -------- Run | Yrd Mat Mat Sto Hostile Shots Fired 182 | . 48 50 84 Missed 84 | . 18 22 44 Damage Taken 1522 | . 358 607 557 Core 470 | . 69 191 210 Absorbed by Shields . | . . . . Core Remaining (%) 86 | 100 72 . . Volleys Fired 75 | . 44 27 4 Largest 2 | . 2 2 2 Hottest 60 | . 60 50 50 Shots Fired 102 | . 52 45 5 Gun 86 | . 52 30 4 Cannon . | . . . . Launcher 16 | . . 15 1 Special . | . . . . Kinetic 84 | . 50 30 4 Thermal . | . . . . Explosive 16 | . . 15 1 Electromagnetic 2 | . 2 . . Robot Hit Streak 7 | . 6 6 7 Robot Miss Streak 3 | . 3 1 1 Penetration Max . | . . . . Secondary Targets . | . . . . Shots Hit Robots 69 | . 30 35 4 Core Hits 44 | . 13 28 3 Critical Kills . | . . . . Critical Parts Destroyed . | . . . . Critical Strikes . | . . . . Melee Attacks . | . . . . Impact . | . . . . Slashing . | . . . . Piercing . | . . . . Sneak Attacks . | . . . . Combat Hostiles . | . . . . Follow-up Attacks . | . . . . Damage Inflicted 1477 | . 395 1029 53 Guns 630 | . 395 208 27 Cannons . | . . . . Explosions 823 | . . 797 26 Melee . | . . . . Ramming 24 | . . 24 . Kinetic 630 | . 395 208 27 Thermal . | . . . . Explosive 823 | . . 797 26 Electromagnetic . | . . . . Impact . | . . . . Slashing . | . . . . Piercing . | . . . . Highest Corruption . | . . . . Average Corruption . | . . . . Corruption Purged . | . . . . Corruption Blocked . | . . . . Overload Shots . | . . . . Overflow Damage 50 | . . 50 . Projectiles . | . . . . Explosions 50 | . . 50 . Melee . | . . . . Knockbacks . | . . . . Impact . | . . . . Kinetic . | . . . . Secondary . | . . . . Self-Inflicted Damage 284 | . . 244 40 Shots 7 | . . 6 1 Rammed . | . . . . Targets Rammed 6 | . . 6 . Kicked 6 | . . 6 . Crushed . | . . . . Highest Temperature 20 | . 20 20 18 Average Temperature 6 | . 6 7 6 Received Heat Transfer 504 | . 138 150 216 Siege Activations . | . . . . Robots Corrupted . | . . . . Combat Hostiles . | . . . . Parts Fried . | . . . . Impact Corruptions . | . . . . Robots Melted . | . . . . Combat Hostiles . | . . . . Parts Melted . | . . . . Heat Transferred . | . . . . Parts Sabotaged . | . . . . Parts Stolen . | . . . . Parts Stripped . | . . . . Power Chain Reactions . | . . . . Alert | -11 -10 -9 -9 ------- Run | Yrd Mat Mat Sto Peak Influence 325 | . 154 325 178 Initial 79 | . . 5 79 Average 113 | . 61 186 133 Maximum Alert Level 1 | . . 1 . Low Security (%) 81 | 100 100 52 100 Level 1 18 | . . 47 . Level 2 . | . . . . Level 3 . | . . . . Level 4 . | . . . . Level 5 . | . . . . High Security . | . . . . Max Security . | . . . . Squads Dispatched 4 | . . 1 3 Investigation 2 | . . 1 1 Extermination . | . . . . Reinforcement 2 | . . . 2 Assault . | . . . . Garrison . | . . . . Intercept . | . . . . Searches Triggered . | . . . . Construction Impeded . | . . . . Haulers Reinforced . | . . . . Active Scanning Responses . | . . . . Cargo Convoy Interrupts . | . . . . Stealth | -11 -10 -9 -9 --------- Run | Yrd Mat Mat Sto Distress Signals 1 | . 1 . . Communications Jammed . | . . . . Distress Signals . | . . . . Times Spotted 46 | . 12 15 19 Peak Tracking Total 17 | . 4 5 17 Tactical Retreats 3 | . . 2 1 Traps | -11 -10 -9 -9 ------- Run | Yrd Mat Mat Sto Traps Triggered . | . . . . Indirectly . | . . . . Trap Hack Attempts . | . . . . Triggered . | . . . . Disarmed . | . . . . Reprogrammed . | . . . . Reused . | . . . . Traps Extracted . | . . . . Installed . | . . . . Triggered . | . . . . Machines | -11 -10 -9 -9 ---------- Run | Yrd Mat Mat Sto Machines Disabled 4 | . 1 3 . Max in Single Turn 1 | . 1 1 . Machines Repaired . | . . . . Machines Dismantled . | . . . . Machines Sabotaged . | . . . . Overloaded Fab Kills . | . . . . Hacking | -11 -10 -9 -9 --------- Run | Yrd Mat Mat Sto Machines Accessed 8 | . 2 2 4 Terminals 7 | . 2 1 4 Fabricators . | . . . . Repair Stations 1 | . . 1 . Recycling Units . | . . . . Scanalyzers . | . . . . Garrison Access . | . . . . Total Hacks 21 | . 6 5 10 Successful 8 | . 1 1 6 Failed 13 | . 5 4 4 Catastrophic 5 | . 1 1 3 Database Lockouts . | . . . . Manual 6 | . . 1 5 Terminals 18 | . 6 2 10 Fabricators . | . . . . Repair Stations 3 | . . 3 . Recycling Units . | . . . . Scanalyzers . | . . . . Garrison Access . | . . . . Terminal Hacks 8 | . 1 1 6 Open Door 2 | . . . 2 Branch Access Points 1 | . . . 1 Emergency Access Points 1 | . . . 1 Alert Level 1 | . . 1 . Dispatch Records 1 | . 1 . . Zone Layout 2 | . . . 2 Fabricator Hacks . | . . . . Repair Station Hacks . | . . . . Recycling Unit Hacks . | . . . . Scanalyzer . | . . . . Garrison Access Hacks . | . . . . Unauthorized Hacks . | . . . . Terminals . | . . . . Fabricators . | . . . . Repair Stations . | . . . . Recycling Units . | . . . . Scanalyzers . | . . . . Garrison Access . | . . . . Data Cores Recovered . | . . . . Used . | . . . . Hacking Detections 6 | . 2 2 2 Full Trace Events 5 | . 2 1 2 Feedback Events . | . . . . Feedback Blocked . | . . . . Robot Schematics Acquired . | . . . . Robots Built . | . . . . Authchips . | . . . . Time . | . . . . Total Robot Build Rating . | . . . . Part Schematics Acquired . | . . . . Parts Built . | . . . . Authchips . | . . . . Time . | . . . . Total Part Build Rating . | . . . . Parts Repaired . | . . . . Time . | . . . . Parts Recycled . | . . . . Recycled Matter . | . . . . Retrieved Matter . | . . . . Retrieved Components . | . . . . Parts Scanalyzed . | . . . . Part Schematics Acquired . | . . . . Parts Damaged . | . . . . Bothacking | -11 -10 -9 -9 ------------ Run | Yrd Mat Mat Sto Used RIF Installer . | . . . . Robots Hacked . | . . . . Non-combat . | . . . . Combat . | . . . . Robot Hacks Applied . | . . . . Relay Couplers Released . | . . . . Fabnet Peak Effective % . | . . . . Robots Rewired . | . . . . Allies Hacked . | . . . . Hacks Repelled . | . . . . Allies | -11 -10 -9 -9 -------- Run | Yrd Mat Mat Sto Total Allies . | . . . . Largest Group . | . . . . Highest-Rated Group . | . . . . Highest-Rated Ally . | . . . . Total Orders . | . . . . Ally Attacks . | . . . . Total Damage . | . . . . Kills . | . . . . Allies Corrupted . | . . . . Allies Melted . | . . . . Intel | -11 -10 -9 -9 ------- Run | Yrd Mat Mat Sto Robot Analysis Total . | . . . . Derelict Logs Recovered . | . . . . Drone Launches . | . . . . Drone Recoveries . | . . . . Exploration | -11 -10 -9 -9 ------------- Run | Yrd Mat Mat Sto Turns Passed 1220 | 85 534 480 121 Spaces Moved 1196 | 47 353 498 298 Core 9 | 8 . 1 . Treads . | . . . . Legs 316 | 39 170 107 . Wheels . | . . . . Hover . | . . . . Flight 871 | . 183 390 298 Fastest Speed 31 | 50 117 34 31 Average Speed 78 | 115 119 74 31 Slowest Speed 290 | 190 290 250 34 Overloaded Moves . | . . . . Propulsion Burnouts . | . . . . Robots Hopped 13 | . . 3 10 Cave-ins Triggered . | . . . . Exploration Rate (%) 30 | 3 54 22 43 Regions Visited 3 Branch Regions 1 Pre-discovered Areas . | . . . . Known Exits Taken . | . . . . Unknown Exits Taken 3 | 1 1 1 . Scrap Searched . | . . . . Spaces Dug . | . . . . Terrain Destroyed 141 | . . 135 6 Melee . | . . . . Projectile . | . . . . AOE 141 | . . 135 6 Terrain Rammed . | . . . . Walls Destroyed . | . . . . Machines Disabled . | . . . . Actions | -11 -10 -9 -9 --------- Run | Yrd Mat Mat Sto Total 1366 | 74 415 564 313 Wait 21 | 19 . . 2 Move 1169 | 46 352 491 280 Hop 11 | . . 3 8 Pick Up 18 | 2 5 5 6 Fast Attach 22 | 6 4 10 2 Attach 15 | . 3 7 5 Detach 10 | . 3 6 1 Swap 2 | 1 1 . . Drop 17 | . 3 9 5 Fire 75 | . 44 27 4 Melee . | . . . . Ram . | . . . . Kick 6 | . . 6 . Crush . | . . . . Escape Stasis . | . . . . Rewire . | . . . . Trap . | . . . . Miscellaneous . | . . . . Route ------- -11/Scrapyard -10/Materials -9/Materials (discovered 2 exits: *Sto x2) -9/Storage (discovered 1 exit: Rec) History --------- Turn | Location | Event 16 | -11/Scrapyard | Discovered new exit (range 15) 86 | -11/Scrapyard | Entered Materials 314 | -10/Materials | Build established: Mutant 582 | -10/Materials | Discovered new exit (range 4) 620 | -10/Materials | Entered another Materials area 620 | -9/Materials | Evolved 2 slots: Propulsion x2 624 | -9/Materials | Discovered new exit (range 15) 645 | -9/Materials | Discovered new exit (range 13) 827 | -9/Materials | Lost 3 parts (1p2n) 1100 | -9/Materials | Entered Storage 1134 | -9/Storage | Core integrity fell below 50% 1165 | -9/Storage | Identified exit to Recycling 1195 | -9/Storage | Core integrity fell below 20% 1221 | -9/Storage | Destroyed by G-34 Mercenary with Small Laser Last Messages --------------- ALERT: Hostiles spotted, dispatching reinforcements to Terminal S013. ALERT: Hostiles spotted, dispatching reinforcements to Terminal S005. K-01 Serf destroyed. Connecting with Door Terminal... R-06 Scavenger collects Weight Redist. System. Imp. Flight Unit destroyed. R-06 Scavenger collects Lgt. Treads. R-06 Scavenger collects Lgt. EM Pulse Cannon. K-01 Serf cleans the Terminal. Connecting with Door Terminal... >>Open(Door) Sealed Heavy Doors opened. Discarded Imp. Targeting Computer. Dropped Signal Interpreter. Acquired Drone Bay. Sml. Storage Unit destroyed. Dropped Hover Unit. Acquired Grenade Launcher. Map ----- +----------------------------------------------------+ | | | | | | | | | | | | | | | | | | | | | | | | | ?????????????????????????????????????????????????? | | ??????????????????#####??????????????????????????? | | ??????????????????#! !#???####???????????????????? | | ?????######???????# !#???"""#???????????????????? | | ?????# #???????# !#?##"T"#####???????????????? | | ?????# #???????# !### ????????????????? | | ?????# #???????##!####] """ #???????????????? | | ?????# #???????# T## """ #???????????????? | | ?????# #???????###+###o """ #???????????????? | | ?????# ########### + """ #???????????????? | | ###??# ^ ##g """ #???????????????? | | #??# ######### ^ ## g #???????????????? | | > #??# #???????# """ ##!! g #???????????????? | | ####+#######?# """ ##@ gg #???????????????? | | """# ]!]#?# """ ##+#####+##??????????????? | | ## ]!]#?# #??????????????? | | ## !! #?# / ???????????? | | ## #?#^ ###########??????????????? | | ##"" ### ^ ##????????????????????????? | | ##"T #"" #?????????????????????????? | | ##"" [ #"T " " #######???????????????????? | | ## #"" "T" #T#####???????????????????? | | ## ########## """ # " ##???????????????????? | | =% # " ##???????????????????? | | ==]% + " ##???????????????????? | | ######## ####"T"# ########???????????????????? | | ####??????# #??##### ########???????????????????? | | # ######### ########/###?????####???????????????? | | ## ## ####??# ???????????????? | | T ## ## """#### ""???????????????? | | ==! # # """ """ Y"#""" ""???????????????? | | ==! + # """ """ """#"R ""???????????????? | | =!! # + """ """ ####""" ???????????????? | | # # #??#### ""???????????????? | | ########### ## #?????# ""???????????????? | | #######???# ## #?????# ""???????????????? | | #######???# # ######/##?????# ???????????????? | | ** **##???# ###########???????????????? | +----------------------------------------------------+ Best States ------------- Heat Dissipation 39 Energy Generation 14 Energy Capacity 280 Matter Stores 235 Matter Capacity 300 Sight Range 16 Terrain Scan Density 10 Evasion (%) 63 Targeting Accuracy 6 Item Schematics ----------------- None Robot Schematics ------------------ None Fabricated ------------ Nothing Alien Tech Used ----------------- None Achievements -------------- None Challenges ------------ None Game ------ Seed NullTractorPit Manual? 0 Play Time 00:18:42 Cumulative 16.2 hours Start 2024.04.14 @ 21:08:49 End 2024.04.14 @ 21:37:41 Sessions 2 Manual Loads 0 Difficulty Rogue Special Mode None Game No. 55 Rogue 55 Adventurer 0 Explorer 0 Win Type - Total 0 Types 0/0/0/0/0/0/0/0/0 Lore% 14 Gallery% 23 Achievement% 20 Wizard Run 0 Options --------- Layout 1 ASCII 1 Keyboard 0 Movement Arrows Keybinds 0 Fullscreen 1 Font 18/SmallcapsGlow Map View 50x40 Zoom Use 0% Tactical HUD 0 Map Filters NONE Filters NONE Steam 1 RUN: 6c14a881-d2c0-42fd-990e-e2d616194dfa